Map: Blackpink LE

Players

Juxtapose

  • Race: Zerg Zerg
  • Spawn Location: 7:00

nycosborne - Winner!

  • Race: Terran Terran
  • League: Gold
  • Spawn Location: 1:00

VOD

https://www.youtube.com/watch?v=C2uZHlhiiQ8

Description

Time

  • Played on: Nov. 15, 2017, 9:27 p.m.
  • Length: 17:32
Show
View Real Time Build Order
Export as new Build Order

Juxtapose Zerg 

Build Orders: Hatch First 

Get SALT Encoding   

  12  0:01  Drone  
  13  0:09  Drone  
  14  0:17  Overlord  
  14  0:36  Drone x2  
  16  0:54  Hatchery  
  16  0:56  Drone  
  16  0:58  Drone  
  16  1:03  Extractor  
  16  1:06  Overlord  
  16  1:21  Spawning Pool  
  16  1:25  Drone  
  16  1:30  Drone  
  17  1:34  Drone  
  18  1:43  Drone  
  20  1:54  Drone  
  20  2:03  Drone  
  20  2:08  Drone  
  22  2:11  Queen  
  22  2:12  Metabolic Boost  
  24  2:20  Drone  
  24  2:21  Drone  
  26  2:34  Drone x3  
  29  2:43  Queen  
  31  2:45  Zergling x2  
  30  2:56  Drone  
  30  2:59  Zergling x4  
  31  3:11  Drone x3  
  33  3:29  Spine Crawler  
  33  3:31  Drone x4  
  33  3:33  Overlord  
  35  3:47  Overlord  
  35  3:51  Lair  
  36  3:55  Extractor, Drone x2  
  36  3:56  Drone x4  
  40  4:08  Spore Crawler  
  39  4:13  Roach Warren  
  39  4:15  Evolution Chamber  
  37  4:26  Drone x3  
  37  4:28  Overlord  
  37  4:29  Drone x4  
  44  4:39  Extractor x2  
  44  4:41  Queen  
  44  4:53  Spore Crawler  
  44  4:54  Drone x3  
  46  5:01  Infestation Pit  
  46  5:07  Drone x3  
  48  5:18  Queen  
  50  5:29  Overseer  
  50  5:33  Drone x2  
  50  5:34  Drone  
  53  5:36  Roach x3  
  53  5:37  Overlord x4  
  53  5:41  Zerg Ground Armor Level 1  
  53  5:42  Hive  
  59  6:08  Roach  
  59  6:09  Roach x3  
  67  6:16  Overseer x2  
  67  6:43  Pathogen Glands  
  67  6:46  Infestor x2  
  67  6:47  Infestor  
  69  6:50  Hatchery  
  72  7:17  Ultralisk Cavern  
  72  7:20  Roach x2  
  72  7:21  Roach x2, Zergling x8  
  60  8:19  Drone x2  
  62  8:25  Chitinous Plating  
  62  8:28  Zerg Missile Weapons Level 1  
  62  8:31  Ultralisk  
  62  8:32  Ultralisk x2  
  62  8:33  Overlord  
  62  8:34  Overlord  
  80  8:35  Zergling x10  
  85  8:42  Spore Crawler  
  85  8:46  Drone x4  
  85  8:47  Drone x3  
  85  8:48  Spine Crawler  
  90  9:04  Drone x4  
  90  9:07  Extractor  
  90  9:09  Extractor  
  92  9:14  Roach x2  
  92  9:15  Roach x2  
  100  9:21  Hydralisk Den  
  97  9:32  Ultralisk  
  96  9:42  Zergling x10  
  96  9:43  Roach x2  
  96  9:44  Queen  
  100  10:00  Ultralisk  
  100  10:01  Ultralisk, Zergling x4  
  114  10:08  Queen  
  114  10:10  Overlord x5  
  109  10:39  Hydralisk x5  
  109  10:40  Hydralisk, Zergling x4  
  109  10:41  Zergling x2  
  120  10:44  Queen  
  88  11:19  Extractor  
  88  11:20  Zerg Melee Weapons Level 1  
  87  11:28  Hatchery  
  87  11:29  Muscular Augments  
  87  11:30  Adrenal Glands  
  86  11:37  Infestation Pit  
  85  11:46  Hydralisk x7  
  95  11:48  Zergling x12  
  105  11:59  Pneumatized Carapace  
  105  12:01  Burrow  
  105  12:27  Ultralisk x3  
  123  12:30  Zergling x10  
  125  13:18  Hydralisk x7  
  125  13:19  Zergling x6  
  123  13:20  Zergling x6  
  104  13:34  Extractor  
  104  13:41  Queen  
  105  13:44  Zerg Ground Armor Level 2  
  105  13:49  Zergling x2  
  105  13:50  Zergling x12  
  112  14:04  Queen  
  112  14:06  Drone x5  
  119  14:21  Queen  
  121  14:27  Ultralisk x2  
  121  14:28  Overlord x2  
  133  14:43  Spire  
  132  14:51  Drone x4  
  136  14:58  Extractor x2  
  134  15:15  Infestor x3  
  120  15:32  Ultralisk  
  120  15:33  Ultralisk x4, Zergling x4  
  120  15:34  Zergling x4  
  107  15:58  Mutalisk x2  
  107  15:59  Mutalisk x3  
  107  16:01  Zergling x2  
  108  16:30  Hatchery  
  108  16:31  Drone  
  108  16:39  Queen  
  110  17:04  Hydralisk x3  
  116  17:18  Hatchery  
Show
View Real Time Build Order
Export as new Build Order

nycosborne Terran - Winner!

Build Orders: Bio Tank 

Get SALT Encoding   

  12  0:01  SCV  
  13  0:13  Supply Depot  
  13  0:17  SCV  
  14  0:25  Refinery  
  14  0:29  SCV  
  15  0:43  Barracks  
  15  0:45  SCV  
  16  0:58  SCV  
  17  1:10  SCV  
  18  1:22  SCV  
  19  1:30  Reaper  
  20  1:34  SCV  
  21  1:42  Command Center  
  21  1:46  SCV  
  22  1:56  Factory  
  22  2:09  Supply Depot  
  22  2:13  Orbital Command  
  22  2:16  Marine  
  23  2:23  Refinery  
  23  2:34  Barracks  
  23  2:39  Barracks Tech Lab  
  23  2:41  SCV  
  24  3:10  Marine  
  28  3:20  Cyclone  
  28  3:21  Orbital Command  
  28  3:28  Marine  
  28  3:33  Marine  
  30  3:46  Marine  
  31  3:50  Bunker  
  31  3:51  Marine  
  31  3:52  Cyclone  
  35  4:05  Supply Depot  
  35  4:06  Supply Depot  
  35  4:18  SCV x2  
  37  4:27  Stimpack  
  37  4:28  Engineering Bay  
  37  4:30  Starport, SCV x2  
  39  4:31  Factory Tech Lab  
  39  4:33  Barracks Reactor  
  39  4:41  Marine  
  40  4:47  SCV x2  
  42  4:53  Refinery  
  42  4:55  Refinery  
  42  4:59  SCV x2, Marine  
  45  5:05  Siege Tank  
  48  5:11  SCV  
  48  5:13  SCV  
  50  5:23  SCV  
  50  5:25  SCV  
  50  5:26  Medivac  
  54  5:29  Marauder, Marine x2  
  58  5:35  SCV  
  58  5:37  SCV  
  58  5:39  Supply Depot  
  60  5:47  Marine x2  
  60  5:48  Terran Infantry Weapons Level 1  
  60  5:49  Supply Depot  
  62  6:01  Medivac, Marauder, SCV x2  
  62  6:02  Supply Depot  
  62  6:03  Missile Turret  
  68  6:05  Marine x2  
  68  6:11  Siege Tank  
  73  6:13  SCV  
  74  6:22  Marine  
  74  6:23  Sensor Tower, Marauder, Supply Depot, Marine  
  78  6:28  Combat Shields  
  78  6:30  SCV x2  
  82  6:37  Viking  
  82  6:40  Marine  
  82  6:44  Marauder  
  85  6:56  Marine  
  85  6:57  Command Center  
  85  6:58  Marine  
  90  7:01  Siege Tank  
  90  7:05  Marauder  
  92  7:13  Factory, Barracks  
  92  7:27  Marauder  
  87  7:44  Marine x2  
  87  7:48  Medivac, Marine  
  84  8:02  Marine x2  
  84  8:03  Factory Tech Lab  
  86  8:05  Marine  
  87  8:18  Medivac  
  89  8:20  Marine x2  
  89  8:23  Marine  
  92  8:28  Marine  
  92  8:30  Bunker  
  96  8:34  Siege Tank  
  96  8:36  Refinery  
  96  8:38  Sensor Tower, Refinery, Siege Tank, Marine x2  
  96  8:41  Missile Turret  
  101  8:42  Marauder  
  101  8:46  Marine  
  104  8:55  Marine  
  104  8:56  Marine  
  106  9:03  Marauder  
  106  9:04  Marine  
  106  9:09  Siege Tank  
  112  9:11  Supply Depot  
  112  9:13  Supply Depot, Marine x2, Siege Tank  
  112  9:14  Supply Depot  
  117  9:30  Marine  
  117  9:31  Marine  
  117  9:32  Marine  
  117  9:33  Marauder, SCV x2  
  115  9:41  Siege Tank  
  112  9:48  Marine  
  112  9:51  Liberator  
  112  9:55  Marauder  
  96  10:16  Marauder  
  96  10:17  Siege Tank  
  96  10:18  Siege Tank  
  96  10:19  Starport  
  104  10:23  Starport  
  104  10:33  Liberator  
  103  10:40  Marauder  
  108  11:01  Marauder  
  103  11:05  Barracks Reactor  
  103  11:11  SCV x2  
  105  11:16  Liberator  
  105  11:21  Marine x2  
  105  11:23  Marauder, SCV x2  
  111  11:31  Orbital Command  
  111  11:39  Marine x2  
  116  11:44  Marauder  
  118  11:50  Liberator x2  
  118  11:57  Marine x2  
  118  11:59  Liberator  
  120  12:01  Bunker  
  120  12:04  Sensor Tower, Marine x2  
  120  12:05  Marine  
  129  12:15  Marine x2  
  131  12:21  Marine  
  135  12:23  Marauder  
  135  12:25  Marine  
  135  12:29  Siege Tank  
  141  12:38  Siege Tank, Marine x2  
  141  12:39  Marine  
  141  12:40  Supply Depot  
  141  12:41  Supply Depot  
  141  12:42  Marine  
  148  12:45  Marauder, Terran Infantry Armor Level 1, Armory  
  148  12:46  Armory  
  148  12:48  Armory  
  150  12:55  Marine x2  
  150  12:57  Marine  
  147  13:00  Marine  
  147  13:03  Supply Depot  
  148  13:06  Marauder  
  128  13:28  Marauder  
  128  13:32  Marine x4  
  128  13:42  Terran Vehicle And Ship Armor Level 1  
  128  13:43  Terran Ship Weapons Level 1, Terran Vehicle Weapons Level 1  
  128  13:49  Marauder, Marine x2  
  128  13:50  Marine x2  
  128  13:54  Supply Depot, Command Center  
  129  13:58  Supply Depot  
  129  14:07  Marine x3  
  129  14:08  Marine  
  133  14:10  Marauder  
  135  14:25  Marine x4  
  139  14:32  Marauder  
  141  14:38  Terran Infantry Weapons Level 2  
  141  14:43  Marine x4  
  145  14:46  Cyclone  
  145  14:47  Cyclone  
  145  14:50  Starport Tech Lab  
  145  14:51  Starport Tech Lab x2  
  151  14:53  Marauder  
  153  15:01  Marine x4  
  157  15:14  Marauder  
  157  15:15  Refinery x2  
  157  15:18  Marine  
  157  15:19  Cyclone  
  153  15:36  Marauder  
  125  15:52  Liberator x3  
  116  16:18  Fusion Core, Siege Tank x2  
  115  16:42  Marauder, Marine x4  
  121  16:50  Siege Tank x2  
  134  17:00  Marine x4  
  138  17:03  Marauder  
  138  17:10  Missile Turret  
  138  17:12  Missile Turret  
  138  17:14  Missile Turret  
  138  17:17  Missile Turret  
  138  17:21  Missile Turret  
  145  17:25  Missile Turret  
Tags
 
Composition
Bio Tank
League
Gold
Matchup
TvZ
Spawn Locations
Cross Positions
Add a new tag
Caveats
  • Supply blocks, unpowered buildings, or Contaminate may cause inaccurate times.
  • Supply counts are checked every 10 seconds.